 Dungeon Crawl Stone Soup version 0.17-a0-913-g36eb389 (webtiles) character file.

1288 namelastname112 the Agent of Entropy (level 8, 0/69 HPs)
             Began as a Purple Draconian Abyssal Knight on May 3, 2015.
             Was a Priest of Lugonu.
             Slain by an orc warrior
             ... wielding a +0 long sword
              (16 damage)
             ... on level 6 of the Dungeon.
             The game lasted 00:12:31 (6454 turns).

namelastname112 the Agent of Entropy (DrAK)         Turns: 6454, Time: 00:12:31

Health: 0/69       AC: 11    Str: 15    XL:     8   Next: 30%
Magic:  9/13       EV: 14    Int: 12    God:    Lugonu [***...]
Gold:   241        SH:  0    Dex: 13    Spells: 0 memorised, 7 levels left

rFire  . . .     SeeInvis .     w - +0 glaive (elec)
rCold  . . .     Clarity  .     (armour unavailable)
rNeg   . . .     SustAb   .     (no shield)
rPois  .         Gourm    .     (helmet restricted)
rElec  .         Spirit   .     i - +0 cloak
rCorr  .         Warding  .     r - +1 pair of gloves
rMut   .         Rnd*Tele +     y - +1 pair of boots
MR     +....                    (no amulet)
Stlth  +.........               (no ring)
                                a - ring of teleportation

@: somewhat resistant to hostile enchantments, very unstealthy
A: breathe power, unfitting armour, cold-blooded, AC +6
a: Breathe Dispelling Energy, Depart the Abyss, Bend Space, Banish, Renounce
Religion, Evoke Teleportation


You were on level 6 of the Dungeon.
You worshipped Lugonu.
Lugonu was most pleased with you.
You were hungry.

You visited 1 branch of the dungeon, and saw 6 of its levels.
You visited the Abyss 1 time.

You collected 241 gold pieces.

Inventory:

Hand weapons
 p - a +0 trident
 w - a +0 glaive of electrocution (weapon)
Armour
 i - a +0 cloak (worn)
 r - a +1 pair of gloves (worn)
 y - a +1 pair of boots (worn)
Jewellery
 a - a ring of teleportation (left hand)
 u - an uncursed amulet of stasis
Magical devices
 x - a wand of slowing (48)
Scrolls
 d - 3 scrolls of remove curse
 g - 3 scrolls of enchant armour
 o - 6 scrolls of teleportation
Potions
 f - a potion of invisibility
 l - 3 potions of curing
 q - a potion of mutation
 v - a potion of poison
Comestibles
 b - 2 bread rations
 h - 6 meat rations


   Skills:
 + Level 5.4 Fighting
 * Level 6.0 Polearms
 + Level 4.1 Dodging
 * Level 6.8 Invocations


You had 7 spell levels left.
You didn't know any spells.

Dungeon Overview and Level Annotations

Branches:
Dungeon (6/15)             Temple (0/1) D:5

Altars:
Gozag
Kikubaaqudgha
Qazlal
Trog

Shops:
D:2 *

Annotations:
Abyss:1 Sigmund


Innate Abilities, Weirdness & Mutations

You can breathe bolts of dispelling energy.
Your rich purple scales are hard (AC +6).
Your body does not fit into most forms of armour.
You are cold-blooded and may be slowed by cold attacks.


Message History

The orc warrior is almost dead.
The orc warrior hits you with a long sword!
The orc barely misses you.
You closely miss the orc warrior.
The orc warrior is almost dead.
The orc misses you. The orc warrior misses you.
You closely miss the orc warrior.
The orc warrior is almost dead.
The orc misses you.
The orc warrior hits you with a long sword!!
* * * LOW HITPOINT WARNING * * *
The orc misses you.
Unknown command.
Use which ability? (? or * to list)
Press: ? - help, Shift-Dir - straight line, f/p - orc warrior
Aim: an orc warrior, wielding a long sword and wearing a plate armour (almost dead, chance 80%)
The orc warrior barely resists.
You are feeling hungry.
The orc warrior hits you with a long sword!
You die...

#.....#
#.....#
#.....+
#.....##
######..#...#
#.......#.#.#
#.####..#†#.#
##.#####.#.#.#
#<.oooo@.#.#.#
#...######.#.#
. #.#.# #.#.#
#.#. #.# #.#
#.# #.#+##


You could see an orc warrior and 3 orcs.

Vanquished Creatures
  An ogre (D:5)
  A centaur (D:5)
  A phantom (D:4)
  A giant frog (D:6)
  A scorpion (D:4)
  2 crimson imps (D:5)
  A giant frog zombie (D:5)
  A giant frog skeleton (D:4)
  An orc priest (D:4)
  An orc wizard (D:5)
  An iguana (D:5)
  3 worker ants
  3 gnolls (D:5)
  9 adders
  2 oozes
  An adder skeleton (D:5)
  4 giant geckos
  12 orcs
  A bat skeleton (D:5)
  7 giant cockroaches
  12 hobgoblins
  5 kobolds
  3 quokkas
  A ball python skeleton (D:4)
  16 bats
  6 giant newts
  12 goblins
  6 rats
115 creatures vanquished.

Vanquished Creatures (others)
  A wizard (D:3)
  The ghost of Viceroy the Gusty, an average HaAE (D:4)
  2 centaurs (D:5)
  An ice beast (D:5)
  An adder skeleton (D:5)
  A rat (D:5)
7 creatures vanquished.

Grand Total: 122 creatures vanquished

Notes
Turn   | Place    | Note
--------------------------------------------------------------
     0 | Abyss:1  | namelastname112, the Draconian Abyssal Knight, began the quest for the Orb.
     0 | Abyss:1  | Reached XP level 1. HP: 19/19 MP: 2/2
    25 | D:1      | Escaped the Abyss
   202 | D:1      | Reached XP level 2. HP: 16/26 MP: 3/3
   612 | D:1      | Acquired Lugonu's second power
   759 | D:2      | Found an opulent altar of Gozag.
   773 | D:2      | Found Gozag's Platinum Reserve.
   905 | D:2      | Reached XP level 3. HP: 31/31 MP: 5/5
  1744 | D:3      | Reached XP level 4. HP: 29/38 MP: 6/6
  1763 | D:3      | Found a bloodstained altar of Trog.
  1763 | D:3      | Noticed a wizard
  1769 | D:3      | Killed a wizard
  1925 | D:3      | Noticed Sigmund
  2438 | D:3      | Acquired Lugonu's third power
  2582 | D:3      | Banished Sigmund
  2582 | D:3      | Reached skill level 4 in Invocations
  2582 | D:3      | Reached XP level 5. HP: 29/46 MP: 6/8
  2674 | D:4      | Noticed Viceroy's ghost (average HaAE)
  2689 | D:4      | Noticed a phantom
  2730 | D:4      | Killed a phantom
  2730 | D:4      | Reached XP level 6. HP: 33/52 MP: 9/9
  3282 | D:4      | Found a stormy altar of Qazlal.
  3536 | D:4      | Reached skill level 5 in Invocations
  3642 | D:4      | Banished Viceroy's ghost
  3642 | D:4      | Your scales start taking on a rich purple colour.
  3642 | D:4      | Reached XP level 7. HP: 60/60 MP: 10/10
  3716 | D:5      | Entered Level 5 of the Dungeon
  3948 | D:5      | Reached skill level 5 in Polearms
  4181 | D:5      | HP: 2/60 [centaur (6)]
  4187 | D:5      | Reached skill level 5 in Fighting
  4187 | D:5      | Reached skill level 6 in Invocations
  4598 | D:5      | Found an ancient bone altar of Kikubaaqudgha.
  4911 | D:5      | Reached XP level 8. HP: 12/68 MP: 12/12
  5393 | D:5      | Found a staircase to the Ecumenical Temple.
  6454 | D:6      | Slain by an orc warrior

Action                   |  1- 3 |  4- 6 |  7- 9 || total
-------------------------+-------+-------+-------++-------
Melee: Spear             |   173 |    75 |       ||   248
       Trident           |       |   111 |   189 ||   300
       Glaive            |       |       |    28 ||    28
Invok: Banish            |       |     1 |     7 ||     8
 Abil: Breathe Dispellin |       |       |     2 ||     2
  Use: Potion            |       |     2 |     2 ||     4
       Scroll            |       |       |    15 ||    15
 Stab: Sleeping          |     1 |       |       ||     1
       Distracted        |       |       |     1 ||     1
  Eat: Chunk             |     3 |     4 |     4 ||    11
       Pizza             |       |     1 |     1 ||     2
       Meat ration       |       |       |     1 ||     1
       Beef jerky        |       |       |     1 ||     1
